2627 views
Uploaded 2020-12-28 16:48:59
Game version 1.32.8
13:04 long 1on1 custom game on (2)NorthernIsles
Game name "w3c-20-jEGEwcXxe"
Saved by Schlüssel
2627 views
Uploaded 2020-12-28 16:48:59
Game version 1.32.8
13:04 long 1on1 custom game on (2)NorthernIsles
Game name "w3c-20-jEGEwcXxe"

19 units @ 2.9k
/ 0.2k
10 buildings @ 1.6k
/ 0.5k



| Healing Salve | 6 | 600 |
| Scroll of Speed | 6 | 300 |
| Orb of Lightning | 2 | 750 |
| Potion of Healing | 3 | 450 |
| Lesser Clarity Potion | 1 | 70 |
| Scroll of Healing | 1 | 250 |
| Circlet of Nobility | 1 | 175 |
| total: | 20 | 2595g |
| Peon | 8 | 600 | / | 0 |
| Grunt | 6 | 1200 | / | 0 |
| Raider | 3 | 540 | / | 120 |
| Kodo Beast | 2 | 510 | / | 120 |
| total: | 19 | 2850g | / | 240w |
| Altar of Storms | 1 | 180 | / | 50 |
| Orc Burrow | 4 | 640 | / | 160 |
| Barracks | 1 | 180 | / | 50 |
| Voodoo Lounge | 2 | 260 | / | 60 |
| War Mill | 1 | 205 | / | 0 |
| Beastiary | 1 | 145 | / | 140 |
| Stronghold | 1 | 315 | / | 190 |
| Fortress | 1 | 325 | / | 190 |
| total: | 10 | 1610g | / | 460w |
| 0:03 | Peon |
| 0:04 | Altar of Storms |
| 0:05 | Peon |
| 0:10 | Peon |
| 0:17 | Orc Burrow |
| 0:23 | Peon |
| 0:49 | Barracks |
| 1:00 | Peon |
| 1:17 | Peon |
| 1:25 | Voodoo Lounge |
| 1:29 | Peon |
| 1:50 | Grunt |
| 2:05 | Wind Walk |
| 2:24 | Stronghold |
| 2:37 | Orc Burrow |
| 2:47 | Orc Burrow |
| 3:04 | Healing Salve |
| 3:04 | Scroll of Speed |
| 3:30 | Critical Strike |
| 3:32 | Grunt |
| 3:52 | Circlet of Nobility |
| 4:50 | Fortress |
| 4:50 | Beastiary |
| 5:10 | Grunt |
| 5:28 | War Mill |
| 5:42 | Healing Salve |
| 5:42 | Scroll of Speed |
| 5:55 | Hex |
| 5:55 | Hex |
| 6:02 | Raider |
| 6:40 | Ensnare |
| 6:41 | Berserker Strength |
| 6:51 | Reinforced Defenses |
| 7:09 | Grunt |
| 7:11 | Scroll of Speed |
| 7:23 | Orc Burrow |
| 7:33 | Healing Wave |
| 7:45 | Wind Walk |
| 7:46 | Wind Walk |
| 7:56 | War Drums Damage Increase |
| 7:58 | Healing Salve |
| 8:12 | Scroll of Speed |
| 8:12 | Scroll of Speed |
| 8:12 | Scroll of Speed |
| 8:26 | War Stomp |
| 8:34 | Kodo Beast |
| 9:03 | Scroll of Healing |
| 9:09 | Kodo Beast |
| 9:19 | Healing Salve |
| 9:30 | Peon |
| 9:50 | Orb of Lightning |
| 9:51 | Orb of Lightning |
| 10:22 | Potion of Healing |
| 10:30 | Lesser Clarity Potion |
| 10:38 | Potion of Healing |
| 10:51 | Grunt |
| 11:17 | Voodoo Lounge |
| 11:42 | Raider |
| 12:25 | Grunt |
| 12:26 | Raider |
| 12:32 | Endurance Aura |
| 12:38 | Potion of Healing |
| 12:54 | Healing Salve |
| 12:54 | Healing Salve |
| Right click | 917 |
| Select | 521 |
| Select group | 221 |
| Chat | 142 |
| Build/train/purchase | 127 |
| Misc. action | 35 |
| Use ability | 29 |
| Assign group | 28 |
| Item give/drop | 9 |
| Esc | 1 |
16 units @ 2.5k
/ 0.3k
11 buildings @ 1.8k
/ 0.5k



| Rod of Necromancy | 2 | 300 |
| Orb of Corruption | 1 | 375 |
| Potion of Lesser Invulnerability | 2 | 300 |
| The Lion Horn of Stormwind | 1 | 400 |
| total: | 6 | 1375g |
| Acolyte | 5 | 375 | / | 0 |
| Ghoul | 2 | 240 | / | 0 |
| Crypt Fiend | 6 | 1290 | / | 240 |
| Obsidian Statue | 3 | 600 | / | 105 |
| total: | 16 | 2505g | / | 345w |
| Altar of Darkness | 1 | 180 | / | 50 |
| Ziggurat | 5 | 750 | / | 250 |
| Crypt | 1 | 200 | / | 50 |
| Tomb of Relics | 1 | 130 | / | 30 |
| Graveyard | 1 | 215 | / | 0 |
| Necropolis | 1 | 225 | / | 0 |
| Slaughterhouse | 1 | 140 | / | 135 |
| Halls of the Dead | 1 | 320 | / | 210 |
| Black Citadel | 1 | 325 | / | 230 |
| total: | 11 | 1840g | / | 515w |
| 0:02 | Acolyte |
| 0:05 | Altar of Darkness |
| 0:09 | Ziggurat |
| 0:14 | Acolyte |
| 0:33 | Crypt |
| 0:40 | Acolyte |
| 0:41 | Acolyte |
| 0:57 | Tomb of Relics |
| 1:22 | Graveyard |
| 1:35 | Ghoul |
| 1:41 | Ghoul |
| 2:08 | Rod of Necromancy |
| 2:22 | Death Coil |
| 2:33 | Halls of the Dead |
| 2:49 | Crypt Fiend |
| 3:03 | Ziggurat |
| 3:34 | Rod of Necromancy |
| 3:55 | Crypt Fiend |
| 4:00 | Crypt Fiend |
| 4:01 | Unholy Aura |
| 4:55 | Black Citadel |
| 5:13 | Slaughterhouse |
| 5:16 | Ziggurat |
| 6:14 | Obsidian Statue |
| 6:38 | Frost Armor |
| 6:44 | Obsidian Statue |
| 6:45 | Crypt Fiend |
| 6:57 | Ziggurat |
| 7:00 | Death Coil |
| 7:23 | Potion of Lesser Invulnerability |
| 7:48 | Destroyer Form |
| 8:09 | Frost Nova |
| 8:25 | Orb of Corruption |
| 8:30 | Crypt Fiend |
| 8:36 | Acolyte |
| 8:52 | Black Arrow |
| 9:06 | Burrow |
| 11:08 | Necropolis |
| 11:23 | Ziggurat |
| 11:25 | Creature Attack |
| 11:43 | Potion of Lesser Invulnerability |
| 12:04 | The Lion Horn of Stormwind |
| 12:27 | Silence |
| 12:29 | Crypt Fiend |
| 12:29 | Obsidian Statue |
| 12:43 | Unholy Aura |
| 12:45 | Frost Nova |
| Right click | 757 |
| Select | 609 |
| Select group | 589 |
| Misc. action | 100 |
| Build/train/purchase | 61 |
| Chat | 39 |
| Use ability | 34 |
| Assign group | 33 |
| Item give/drop | 8 |
| Esc | 7 |